 Dungeon Crawl Stone Soup version 0.29.0 (webtiles) character file.

Game seed: 4968362551556111519

53294 DemonSlayer the Thaumaturge (level 14, -5/99 HPs)
             Began as a Demonspawn Fire Elementalist on Aug 24, 2022.
             Was the Champion of Cheibriados.
             Slain by an orc warrior
             ... wielding a +0 short sword
              (10 damage)
             ... on level 2 of the Orcish Mines.
             The game lasted 01:31:34 (32315 turns).

DemonSlayer the Thaumaturge (DsFE)                 Turns: 32315, Time: 01:31:35

Health: -5/99      AC: 28    Str: 25    XL:     14   Next: 30%
Magic:  0/49       EV: 19    Int: 32    God:    Cheibriados [******]
Gold:   1569       SH:  0    Dex: 38    Spells: 2/40 levels left

rFire   . . .      SeeInvis .   t - +7 battleaxe (protect)
rCold   . . .      Faith    +   (shield currently unavailable)
rNeg    + . .      Spirit   +   L - +1 troll leather armour
rPois   .          Reflect  .   c - +2 hat {Will+}
rElec   .          Harm     .   y - +0 cloak
rCorr   .          Rampage  .   (no gloves)
Will    ++...                   n - +0 pair of boots
Stlth   ++++......              E - amulet "Etiahe" {Faith +Blink rN+ Int-4 Dex+10}
HPRegen 1.06/turn               q - ring of magical power
MPRegen 0.62/turn               N - ring of magical power

@: spiked, sanguine armoured, under a protective aura, studying Long Blades,
very slow
A: foul stench 2, augmentation 1, magic shield, magic regeneration, magic link,
sanguine armour 3, weakness stinger 1, fangs 1, horns 1
a: Renounce Religion, Evoke Blink, Bend Time, Temporal Distortion, Slouch, Step
From Time


You were on level 2 of the Orcish Mines.
You worshipped Cheibriados.
Cheibriados was exalted by your worship.
You visited 4 branches of the dungeon, and saw 20 of its levels.
You also visited: Bailey, Gauntlet and Ice Cave.

You collected 1958 gold pieces.
You spent 389 gold pieces at shops.

Inventory:

Hand Weapons
 t - a +7 battleaxe of protection (weapon)
Armour
 c - a +2 hat of willpower (worn)
 n - a +0 pair of boots (worn)
 r - a +0 buckler
 v - a +0 robe of fire resistance
 y - a +0 cloak (worn)
 z - a +1 chain mail of fire resistance
 C - +2 swamp dragon scales
 D - a +1 tower shield of positive energy
 J - +2 steam dragon scales
 L - a +1 troll leather armour (worn)
Jewellery
 d - a +6 ring of dexterity
 h - a ring of protection from fire
 k - a ring of flight
 q - a ring of magical power (left hand)
 w - a ring of poison resistance
 B - a ring of positive energy
 E - the amulet "Etiahe" (around neck) {Faith +Blink rN+ Int-4 Dex+10}
   (You found it in a Gauntlet)

   [amulet of faith]

   It allows you to gain divine favour quickly.
   Int:       It affects your intelligence (-4).
   Dex:       It affects your dexterity (+10).
   rN:        It protects you from negative energy.
   +Blink:    It lets you blink.
 H - an amulet of reflection
 K - a ring of wizardry
 N - a ring of magical power (right hand)
 O - a ring of ice
Wands
 a - a wand of polymorph (4)
 f - a wand of charming (11)
 i - a wand of flame (8)
 m - a wand of digging (8)
 s - a wand of roots (18)
Scrolls
 e - a scroll of poison
 g - 7 scrolls of identify
 l - a scroll of amnesia
 o - 2 scrolls of immolation
 p - 4 scrolls of vulnerability
Potions
 b - a potion of cancellation
 j - 5 potions of brilliance
 x - 2 potions of lignification
 A - 3 potions of mutation
 M - 4 potions of attraction


   Skills:
 + Level 5.8 Fighting
 + Level 7.0 Axes
 + Level 1.0 Throwing
 + Level 3.7 Armour
 + Level 5.6 Dodging
 + Level 4.8 Stealth
 + Level 2.3 Shields
 + Level 1.0 Unarmed Combat
 + Level 13.8 Spellcasting
 + Level 7.6 Conjurations
 + Level 1.0 Hexes
 + Level 0.9 Summonings
 + Level 11.7 Fire Magic
 + Level 0.1 Ice Magic
 + Level 5.0 Earth Magic
 + Level 2.7 Evocations


You had 2 spell levels left.
You knew the following spells:

 Your Spells              Type           Power      Damage    Failure   Level
a - Foxfire               Conj/Fire      100%       2x1d9     1%          1
b - Scorch                Fire           100%       2d10      1%          2
c - Conjure Flame         Conj/Fire      71%        6-21      1%          3
d - Flame Wave            Conj/Fire      71%        2d16      1%          4
e - Summon Hydra          Summ           14%        N/A       100%        7
f - Summon Guardian Gole  Hex/Summ       28%        N/A       4%          3
g - Orb of Destruction    Conj           31%        9d10      63%         7
h - Stone Arrow           Conj/Erth      100%       3d13      1%          3
i - Ensorcelled Hibernat  Hex/Ice        50%        N/A       2%          2
j - Starburst             Conj/Fire      35%        6d10      6%          6

Your spell library contained the following spells:

 Spells                   Type           Power      Damage    Failure   Level
 Sandblast                Erth           100%       2d20      1%          1
 Summon Small Mammal      Summ           100%       N/A       1%          1
 Passwall                 Tmut/Erth      31%        N/A       1%          2
 Apportation              Tloc           44%        N/A       2%          1
 Necrotise                Necr           88%        1d8       2%          1
 Sublimation of Blood     Necr           22%        N/A       3%          2
 Wereblood                Tmut           22%        N/A       3%          2
 Inner Flame              Hex/Fire       58%        N/A       1%          3
 Spider Form              Tmut/Pois      22%        N/A       7%          3
 Vampiric Draining        Necr           22%        2d7       7%          3
 Anguish                  Hex/Necr       12%        N/A       19%         4
 Animate Dead             Necr           22%        N/A       22%         4
 Borgnjor's Vile Clutch   Necr/Erth      19%        N/A       22%         5
 Agony                    Necr           22%        N/A       54%         5
 Alistair's Intoxication  Tmut/Pois      14%        N/A       54%         5
 Spellforged Servitor     Conj/Summ      24%        N/A       97%         7
 Death Channel            Necr           11%        N/A       98%         6
 Eringya's Noxious Bog    Tmut/Pois      11%        N/A       98%         6
 Haunt                    Necr/Summ      12%        N/A       100%        7
 Infestation              Necr           11%        N/A       100%        8


Dungeon Overview and Level Annotations

Branches:
Dungeon (15/15)            Temple (1/1) D:5            Lair (2/5) D:8
  Swamp (0/4) Lair:2          Orc (2/2) D:12            Elf (0/3) Orc:2
 Vaults (0/5) D:14         Depths (0/4) D:15         Bailey (visited)
  IceCv (visited)         Gauntlet (visited)
  Snake: Lair:2-3    Spider: Lair:2-3

Altars:
Ashenzari
Cheibriados
Dithmenos
Fedhas
Gozag
Hepliaklqana
Kikubaaqudgha
Makhleb
Nemelex Xobeh
Okawaru
Qazlal
Ru
Sif Muna
Trog
Uskayaw
Vehumet
Wu Jian
Xom
Yredelemnul
Ignis

Shops:
D:7 *   D:11 ?

Annotations:
D:10 3 runed translucent doors, zenocrate's ghost, journeyman DsGl
Lair:1 3 runed translucent doors, Alliumium's ghost, journeyman MiFi


Innate Abilities, Weirdness & Mutations

You sometimes emit foul miasma when damaged in melee.
Your magical and physical power is slightly enhanced at high health.
When hurt, damage is shared between your health and your magic reserves.
You regenerate magic rapidly.
When low on magic, you restore magic in place of health.
When seriously injured, your blood forms very thick armour. (AC +12)
You have a small tail.
You have very sharp teeth.
You have a pair of small horns on your head.


Message History

The orc priest no longer looks unusually strong.
The orc priest barely misses your butterfly.
Something hits your butterfly!
Your butterfly dies!
Your butterfly disappears in a burst of colours!
The red devil completely misses you.
The orc knight is engulfed in dark miasma.
The orc knight looks as sick as possible!
The orc warrior hits you with a +0 short sword!
* * * LOW HITPOINT WARNING * * *
The orc priest hits your butterfly with a +0 whip.
Your butterfly dies!
Your butterfly disappears in a burst of colours!
The orc warrior hits your butterfly with a +0 scimitar!
Your butterfly dies!
Your butterfly disappears in a burst of colours!
The orc knight roars a battlecry!
The orcs go into a battle-frenzy!
The red devil hits you from afar with a +0 trident.
* * * LOW HITPOINT WARNING * * *
Barbed spikes become lodged in your body.
Unknown command.
Unknown command.
Unknown command.
Unknown command.
Unknown command.
Unknown command.
The barbs in your skin will harm you if you move.
Continue?
Okay, then.
Okay, then.
You slash the orc warrior!
Your weapon exudes an aura of protection.
You headbutt the orc warrior, but do no damage.
You tail-slap the orc warrior.
The orc warrior is heavily wounded.
The orc priest calls down the wrath of Beogh upon you.
Beogh smites you!
* * * LOW HITPOINT WARNING * * *
The orc warrior hits you with a +0 short sword!
You die...

#..#...#..# #.#..## ###.
##....)4...## #..### ##...
#...#..)#o..# #.## #....
#.......4o..##### ##.##
....#.b)#○.).#### ###.
......boooo..##.## ##...
#....#..4#o...##..## #..<.
#.......b)o.).##.#.##
##...
#....#...#@b..###...#
#...#
#.......b...###....####.##
#...#...#.b.# #.....##....
##.........## #.....#.....
#..#)..#..# #..#...#...#
##.......## #.#....##...
####.).#######...........
.......))).)..#...........
...##...#.))..#)..........


You could see an orc knight (extremely poisoned, slow, ally target), 2 orc high
priests, an orange demon (summoned), a red devil (summoned), 3 orc warriors and
2 orc priests.

Vanquished Creatures
  Gastronok (D:10)
  Kirke (D:14)
  The ghost of squishfish the Brawler, a journeyman TrMo of Makhleb (D:12)
  A stone giant (D:15)
  A minotaur (Gauntlet)
  Josephine (D:15)
  Erolcha (D:13)
  2 boulder beetles
  6 hydras
  An ogre mage (D:14)
  A centaur warrior (D:14)
  5 two-headed ogres
  A tengu warrior (D:13)
  5 death yaks (Lair:1)
  2 orc high priests (Orc:2)
  Urug (Lair:2)
  Sonja (D:10)
  A deep troll (shapeshifter) (D:15)
  2 orc knights (Orc:2)
  A deep elf pyromancer (D:12)
  2 orc sorcerers (Orc:1)
  2 cyclopes (D:13)
  2 manticores
  6 ugly things
  3 black mambas
  A gargoyle (D:13)
  5 cane toads
  Psyche (D:12)
  A komodo dragon (shapeshifter) (D:13)
  5 komodo dragons
  An unseen horror (D:12)
  2 efreet
  2 tengu conjurers (D:13)
  8 trolls
  Grinder (D:3)
  Prince Ribbit (D:5)
  3 polar bears
  8 blink frogs (Lair:1)
  3 slime creatures (D:13)
  A spriggan (D:13)
  14 yaks
  A shadow (D:12)
  2 wyverns
  A vampire (D:12)
  7 wraiths
  Eustachio (D:5)
  A small abomination (Gauntlet)
  2 basilisks
  5 vampire mosquitoes
  A steam dragon (D:8)
  2 death yak simulacra (IceCv)
  A warg (Orc:2)
  2 water moccasins
  2 swamp worms (Lair:2)
  A floating eye (Gauntlet)
  A swamp drake (Lair:1)
  22 orc warriors
  3 ice beasts
  8 ogres
  8 centaurs
  9 wolves
  2 kobold brigands
  Blork the orc (D:4)
  A necrophage (D:6)
  9 bullfrogs
  5 scorpions
  4 cane toad simulacra
  7 gnoll sergeants (Bailey)
  2 two-headed ogre simulacra (D:13)
  A hornet simulacrum (D:15)
  17 wights
  12 killer bees
  2 electric eels (Lair:1)
  5 howler monkeys
  2 hounds (Bailey)
  2 jellies
  20 orc priests
  Crazy Yiuf (D:5)
  7 gnoll boudas (Bailey)
  3 iguanas
  8 orc wizards
  A statue (D:7)
  3 troll simulacra (D:13)
  A wolf simulacrum (D:13)
  16 gnolls
  3 adders
  A naga simulacrum (D:13)
  A shadow imp (D:7)
  2 white imps (D:5)
  3 ufetubi
  A worm (D:5)
  50 orcs
  3 endoplasms
  2 giant cockroaches
  8 goblins
  7 hobgoblins
  6 jackals (D:2)
  4 quokkas
  11 ball pythons
  4 bats (D:1)
  4 frilled lizards
  16 kobolds
  6 rats
452 creatures vanquished.

Vanquished Creatures (collateral kills)
  4 foxfires
4 creatures vanquished.

Vanquished Creatures (others)
  A cyclops (D:14)
  406 foxfires
  8 fungi (Lair:1)
  54 plants
  A withered plant (Gauntlet)
470 creatures vanquished.

Grand Total: 926 creatures vanquished

Notes
Turn   | Place    | Note
-------+----------+-------------------------------------------
     0 | D:1      | DemonSlayer the Demonspawn Fire Elementalist began the
                  | quest for the Orb.
     0 | D:1      | Reached XP level 1. HP: 13/13 MP: 3/3
   613 | D:1      | Gained mutation: You have a small tail. [demonic ancestry]
   613 | D:1      | Reached XP level 2. HP: 20/20 MP: 1/5
   669 | D:1      | Learned a level 2 spell: Scorch
  1372 | D:1      | Gained mutation: When seriously injured, your blood forms
                  | armour. (AC +12) [demonic ancestry]
  1372 | D:1      | Reached XP level 3. HP: 25/25 MP: 0/6
  2765 | D:2      | Learned a level 3 spell: Conjure Flame
  2995 | D:3      | Reached skill level 1 in Unarmed Combat
  3407 | D:3      | Gained mutation: You may rarely emit foul miasma when
                  | damaged in melee. [demonic ancestry]
  3407 | D:3      | Reached XP level 4. HP: 31/31 MP: 2/7
  3708 | D:3      | Noticed Grinder
  3845 | D:3      | Killed Grinder
  3846 | D:3      | Reached skill level 3 in Spellcasting
  3846 | D:3      | Reached XP level 5. HP: 20/36 MP: 5/10
  3846 | D:3      | Gained mutation: You regenerate magic rapidly. [demonic
                  | ancestry]
  3846 | D:3      | Reached XP level 6. HP: 23/42 MP: 5/11
  4028 | D:3      | Found a faded altar of an unknown god.
  4068 | D:3      | Learned a level 4 spell: Flame Wave
  4612 | D:4      | Noticed an ice beast
  4617 | D:4      | Killed an ice beast
  4618 | D:4      | Reached skill level 4 in Spellcasting
  4944 | D:4      | Found Zokiog's Antique Armour Shoppe.
  4973 | D:4      | You are sucked into a shaft and drop 2 floors!
  4992 | D:6      | Gained mutation: When hurt, damage is shared between your
                  | health and your magic reserves. [demonic ancestry]
  4992 | D:6      | Reached XP level 7. HP: 47/47 MP: 4/13
  5159 | D:6      | Reached skill level 1 in Fighting
  5255 | D:6      | Reached skill level 5 in Spellcasting
  5415 | D:6      | Reached skill level 5 in Fire Magic
  5815 | D:6      | Found a stormy altar of Qazlal.
  6132 | D:5      | Entered Level 5 of the Dungeon
  6262 | D:5      | Gained mutation: When seriously injured, your blood forms
                  | thick armour. (AC +12) [demonic ancestry]
  6262 | D:5      | Reached XP level 8. HP: 54/54 MP: 11/16
  6286 | D:5      | Found a staircase to the Ecumenical Temple.
  6318 | Temple   | Entered the Ecumenical Temple
  6419 | D:5      | Noticed Eustachio
  6429 | D:5      | Killed Eustachio
  6536 | D:5      | Found a hide-covered altar of Uskayaw.
  6547 | D:5      | Reached skill level 1 in Axes
  6547 | D:5      | Reached skill level 6 in Spellcasting
  6743 | D:5      | Found a runed translucent door.
  6744 | D:5      | Noticed Crazy Yiuf
  6919 | D:5      | Noticed Prince Ribbit
  6928 | D:5      | Killed Prince Ribbit
  6931 | D:5      | Reached skill level 7 in Spellcasting
  7143 | D:5      | Learned a level 7 spell: Summon Hydra
  7475 | D:5      | Killed Crazy Yiuf
  7739 | D:4      | Noticed Blork the orc
  7745 | D:4      | Killed Blork the orc
  7770 | D:4      | Found a shimmering blue altar of Sif Muna.
  7822 | D:4      | Reached XP level 9. HP: 60/60 MP: 13/19
  8206 | D:4      | Learned a level 3 spell: Summon Guardian Golem
  8400 | D:7      | Found a bloodstained altar of Trog.
  8416 | D:7      | Found a shadowy altar of Dithmenos.
  8437 | D:7      | Found a flagged portal.
  8446 | Bailey   | Entered a bailey
  9288 | Bailey   | Reached skill level 8 in Spellcasting
 11086 | D:7      | Reached skill level 9 in Spellcasting
 11247 | D:7      | Found Uggimiur's Mayhem Merchandise.
 11268 | D:7      | Found a radiant altar of Vehumet.
 11275 | D:7      | Gained mutation: When seriously injured, your blood forms
                  | very thick armour. (AC +12) [demonic ancestry]
 11275 | D:7      | Reached XP level 10. HP: 67/67 MP: 19/23
 11737 | D:7      | Found a shimmering altar of Xom.
 11785 | D:7      | Learned a level 7 spell: Orb of Destruction
 11818 | D:8      | Found a staircase to the Lair.
 11837 | D:8      | Reached skill level 1 in Shields
 13619 | D:8      | Noticed a two-headed ogre
 13625 | D:8      | Reached skill level 10 in Spellcasting
 13640 | D:8      | Killed a two-headed ogre
 14039 | D:8      | Noticed a two-headed ogre
 14051 | D:8      | Killed a two-headed ogre
 14664 | Lair:1   | Entered Level 1 of the Lair of Beasts
 14673 | Lair:1   | Gained mutation: You sometimes emit foul miasma when
                  | damaged in melee. [demonic ancestry]
 14673 | Lair:1   | Reached XP level 11. HP: 64/74 MP: 23/25
 14683 | Lair:1   | Reached skill level 10 in Fire Magic
 14686 | Lair:1   | Identified the +0 quarterstaff of Animal Spirits {spect,
                  | Int+3}
 14812 | Lair:1   | Found a runed translucent gate.
 14813 | Lair:1   | Found a runed translucent gate.
 14813 | Lair:1   | Noticed Alliumium's ghost (journeyman MiFi)
 14814 | Lair:1   | Found a runed translucent gate.
 15643 | Lair:1   | Noticed an eight-headed hydra
 16333 | Lair:1   | Reached skill level 11 in Spellcasting
 16393 | Lair:1   | Noticed a death yak
 16395 | Lair:1   | Noticed a death yak
 16397 | Lair:1   | Noticed a death yak
 16399 | Lair:1   | Noticed a death yak
 17091 | D:10     | Entered Level 10 of the Dungeon
 17210 | D:10     | Noticed Gastronok
 17223 | D:10     | Killed Gastronok
 17785 | D:10     | Noticed Sonja
 17789 | D:10     | Killed Sonja
 18025 | D:10     | Found a runed translucent gate.
 18025 | D:10     | Found a runed translucent gate.
 18026 | D:10     | Found a runed translucent gate.
 18026 | D:10     | Noticed a centaur warrior
 18028 | D:10     | Noticed zenocrate's ghost (journeyman DsGl)
 18029 | D:10     | Noticed a skeletal warrior
 18041 | D:10     | Found a basalt altar of Yredelemnul.
 18053 | D:10     | Found a snail-covered altar of Cheibriados.
 18706 | D:10     | Became a worshipper of Cheibriados the Contemplative
 18947 | D:10     | Learned a level 3 spell: Stone Arrow
 19029 | D:11     | Noticed a boulder beetle
 19038 | D:11     | Killed a boulder beetle
 19216 | D:11     | Found Plog's Magic Scroll Shoppe.
 19223 | D:11     | Bought a scroll of amnesia for 44 gold pieces
 19223 | D:11     | Bought a scroll of teleportation for 33 gold pieces
 19223 | D:11     | Bought a scroll of teleportation for 33 gold pieces
 19223 | D:11     | Bought a scroll of blinking for 82 gold pieces
 19223 | D:11     | Bought a scroll of teleportation for 33 gold pieces
 19223 | D:11     | Bought a scroll of blinking for 82 gold pieces
 19223 | D:11     | Bought a scroll of enchant weapon for 82 gold pieces
 19278 | D:11     | Found a gate leading to a gauntlet.
 19282 | Gauntlet | Entered a Gauntlet
 19282 | Gauntlet | Found a transporter.
 19282 | Gauntlet | Found a transporter.
 19282 | Gauntlet | Found a transporter.
 19283 | Gauntlet | Found a transporter.
 19283 | Gauntlet | Noticed a death scarab
 19284 | Gauntlet | Found a transporter.
 19285 | Gauntlet | Found a large runed translucent door.
 19286 | Gauntlet | Found a large runed translucent door.
 19287 | Gauntlet | Found a large runed translucent door.
 19287 | Gauntlet | Found a large runed translucent door.
 19287 | Gauntlet | Found a transporter.
 19287 | Gauntlet | Found a runed translucent door.
 19288 | Gauntlet | Found a large runed translucent door.
 19289 | Gauntlet | Found a large runed translucent door.
 19290 | Gauntlet | Found a large runed translucent door.
 19290 | Gauntlet | Found a large runed translucent door.
 19291 | Gauntlet | Found a runed translucent gate.
 19291 | Gauntlet | Found a runed translucent gate.
 19293 | Gauntlet | Found a transporter.
 19293 | Gauntlet | Noticed a shining eye
 19295 | Gauntlet | Found a transporter.
 19296 | Gauntlet | Found a transporter.
 19298 | Gauntlet | Found a transporter.
 19298 | Gauntlet | Noticed a blizzard demon
 19306 | Gauntlet | Found a transporter.
 19308 | Gauntlet | Noticed a death drake
 19316 | Gauntlet | Found a transporter.
 19417 | Gauntlet | Found a large runed translucent door.
 19418 | Gauntlet | Found a large runed translucent door.
 19419 | Gauntlet | Found a large runed translucent door.
 19419 | Gauntlet | Found a runed translucent door.
 19419 | Gauntlet | Found a large runed translucent door.
 19421 | Gauntlet | Identified the amulet "Etiahe" {Faith +Blink rN+ Int-4
                  | Dex+10}
 19424 | Gauntlet | Found a large runed translucent door.
 19424 | Gauntlet | Found a large runed translucent door.
 19802 | Gauntlet | Found a large runed translucent door.
 19802 | Gauntlet | Found a large runed translucent door.
 19803 | Gauntlet | Found a runed translucent gate.
 19855 | Gauntlet | Paralysed by a floating eye for 2 turns
 19858 | Gauntlet | Gained mutation: You sometimes lose your temper in combat.
                  | [a shining eye]
 19859 | Gauntlet | Paralysed by a floating eye for 3 turns
 20385 | Gauntlet | Noticed a minotaur
 20400 | Gauntlet | Killed a minotaur
 20401 | Gauntlet | Reached XP level 12. HP: 20/81 MP: 10/27
 20918 | Gauntlet | Got Geleebeh's Meditations on Conjuring and Necromancy
 22118 | D:11     | Learned a level 2 spell: Ensorcelled Hibernation
 22149 | D:12     | Noticed a two-headed ogre
 22158 | D:12     | Killed a two-headed ogre
 22163 | D:12     | Reached skill level 5 in Axes
 22163 | D:12     | Reached skill level 1 in Earth Magic
 22378 | D:12     | Noticed Psyche
 22387 | D:12     | Killed Psyche
 22388 | D:12     | Reached skill level 1 in Evocations
 22414 | D:12     | Reached skill level 1 in Armour
 22446 | D:12     | Noticed squishfish's ghost (journeyman TrMo)
 22449 | D:12     | Found a runed translucent door.
 22574 | D:12     | Found a staircase to the Orcish Mines.
 22701 | D:12     | Reached * piety under Cheibriados
 22703 | D:12     | Noticed a boulder beetle
 22705 | D:12     | Reached skill level 12 in Spellcasting
 22742 | D:12     | Killed a boulder beetle
 22829 | D:12     | Noticed a four-headed hydra
 22837 | D:12     | Killed a four-headed hydra
 23422 | D:12     | Killed squishfish's ghost
 23999 | D:13     | Found a frozen archway.
 24105 | IceCv    | Entered an ice cave
 24542 | IceCv    | Lost mutation: You sometimes lose your temper in combat.
                  | [potion of mutation]
 24542 | IceCv    | Gained mutation: You have a pair of small horns on your
                  | head. [potion of mutation]
 24542 | IceCv    | Gained mutation: Your body sometimes deteriorates upon
                  | taking damage. [potion of mutation]
 24543 | IceCv    | Lost mutation: Your body sometimes deteriorates upon taking
                  | damage. [potion of mutation]
 24543 | IceCv    | Lost mutation: You have a pair of small horns on your head.
                  | [potion of mutation]
 24543 | IceCv    | Gained mutation: You have a pair of small horns on your
                  | head. [potion of mutation]
 24543 | IceCv    | Gained mutation: You have very sharp teeth. [potion of
                  | mutation]
 24562 | IceCv    | Reached skill level 5 in Conjurations
 24563 | IceCv    | Reached ** piety under Cheibriados
 24828 | D:13     | Reached skill level 1 in Throwing
 25168 | D:13     | Noticed Erolcha
 25177 | D:13     | Killed Erolcha
 25298 | D:13     | Noticed a tengu warrior
 25312 | D:13     | Killed a tengu warrior
 25422 | D:13     | Gained mutation: Your magical and physical power is
                  | slightly enhanced at high health. [demonic ancestry]
 25422 | D:13     | Reached XP level 13. HP: 85/90 MP: 16/29
 26145 | D:14     | Reached skill level 13 in Spellcasting
 26887 | D:14     | Found a gate to the Vaults.
 27497 | D:15     | Entered Level 15 of the Dungeon
 27497 | D:15     | Noticed Josephine
 27506 | D:15     | Killed Josephine
 27506 | D:15     | Reached *** piety under Cheibriados
 27664 | D:15     | Noticed Kirke
 27678 | D:14     | Noticed a sphinx
 27683 | D:14     | Killed Kirke
 27811 | D:15     | Reached skill level 5 in Fighting
 27811 | D:15     | Reached skill level 5 in Dodging
 27811 | D:15     | Reached skill level 1 in Hexes
 28035 | D:15     | Noticed a stone giant
 28040 | D:15     | Found a staircase to the Depths.
 28057 | D:15     | Killed a stone giant
 28510 | D:15     | Learned a level 6 spell: Starburst
 29418 | Lair:1   | Reached **** piety under Cheibriados
 29775 | Lair:2   | Gained mutation: When low on magic, you restore magic in
                  | place of health. [demonic ancestry]
 29775 | Lair:2   | Reached XP level 14. HP: 98/98 MP: 31/31
 30216 | Lair:2   | Found a staircase to the Swamp.
 30257 | Lair:2   | Noticed Urug
 30263 | Lair:2   | Killed Urug
 31128 | Orc:1    | Entered Level 1 of the Orcish Mines
 31435 | Orc:1    | Reached ***** piety under Cheibriados
 31559 | Orc:2    | Entered Level 2 of the Orcish Mines
 31901 | Orc:2    | Found a staircase to the Elven Halls.
 32267 | Orc:2    | Reached ****** piety under Cheibriados
 32293 | Orc:2    | Reached skill level 5 in Earth Magic
 32315 | Orc:2    | Slain by an orc warrior

Illustrated notes

Levels and vault maps discovered:
D:1:      dpeg_arrival_long_road, layout_loops_corners,
          dreamdust_mushroom_princess, minivault_19
D:2:      layout_rooms
D:3:      layout_loops_corners, lemuel_doored_altar,
          dreamdust_ecumenical_altar_angels_and_demons, uniq_grinder
D:4:      layout_loops_corners, tgw_sif, serial_shops, shop
D:5:      layout_basic, mainiacjoe_overflow_brackets,
          minmay_temple_entry_arrows, dk_vineyard_2, serial_bayou_crossing,
          uniq_prince_ribbit1, uniq_crazy_yiuf_cottage, uniq_eustachio
D:6:      layout_layer_cave, marbit_many_paths
D:7:      layout_cave_pools, lemuel_tele_altar, vehumet_statue,
          mainiacjoe_overflow_alcove_4, mainiacjoe_overflow_alcove_1,
          enter_bailey_2, minmay_shop_mayhem
D:8:      layout_rooms, david_lair_shrubbed
D:9:      layout_basic
D:10:     layout_cave_pods, mainiacjoe_overflow_big_doors,
          gammafunk_ghost_split, uniq_gastronok, uniq_sonja
D:11:     layout_stronghold, serial_shops, nicolae_shop_stone,
          gauntlet_entry_generic, kennysheep_generic_room_6
D:12:     layout_basic, david_orc_2, hellmonk_ghost_happy_afterlife,
          minmay_misc_feat_rugged, uniq_psyche
D:13:     layout_loops_corners, portal_ice_cave_entry_ice_simulacra,
          the_hattery, uniq_erolcha
D:14:     layout_roguey, david_vaults_2, minmay_misc_feat_more_columns
D:15:     grunt_enter_depths_giant_problem, layout_basic,
          hangedman_decor_peaks_small, uniq_kirke, uniq_josephine
Temple:   pdpol_scorched_temple
Lair:1:   layout_long_grid, gammafunk_ghost_split, pond, serial_bayou_shore_a
Lair:2:   layout_hall_layers, minmay_swamp_entry_worms, uniq_urug
Orc:1:    layout_caves, serial_shops, nicolae_shop_hallway_plus
Orc:2:    st_orc_pillars, layout_caves

Skill      XL: |  1  2  3  4  5  6  7  8  9 10 11 12 13 14 |
---------------+-------------------------------------------+-----
Fire Magic     | 3 4 5 7 8 9 10 11 | 11.7
Stealth        | 2 3 4 |  4.8
Unarmed Combat | 1 |  1.0
Dodging        | 2 3 4 5 |  5.6
Spellcasting   | 3 4 5 7 9 10 11 12 13 | 13.8
Conjurations   | 2 3 4 5 7 |  7.6
Fighting       | 1 2 3 4 5 |  5.8
Axes           | 1 3 4 5 6 7 |  7.0
Shields        | 1 2 |  2.3
Earth Magic    | 2 4 5 |  5.0
Evocations     | 1 2 |  2.7
Armour         | 2 3 |  3.7
Throwing       | 1 |  1.0
Hexes          | 1 |  1.0
Summonings     | |  0.9
Ice Magic      | |  0.1

Action                   |  1- 3 |  4- 6 |  7- 9 | 10-12 | 13-15 || total
-------------------------+-------+-------+-------+-------+-------++-------
Melee: Unarmed           |    42 |     2 |       |       |       ||    44
       Punch             |     1 |       |       |       |       ||     1
       Tailslap          |     2 |       |     6 |    15 |    12 ||    35
       Battleaxe         |       |       |    25 |   107 |    61 ||   193
       Headbutt          |       |       |       |     8 |    21 ||    29
       Bite              |       |       |       |     2 |    10 ||    12
Throw: Throwing net      |       |       |     1 |     4 |       ||     5
       Dart              |       |       |       |    10 |       ||    10
       Javelin           |       |       |       |    12 |       ||    12
 Cast: Foxfire           |   138 |    28 |    58 |    11 |     9 ||   244
       Scorch            |       |    31 |   188 |   266 |     9 ||   494
       Flame Wave        |       |       |     2 |     2 |     1 ||     5
       Summon Guardian G |       |       |     1 |     5 |     2 ||     8
       Conjure Flame     |       |       |     1 |     2 |     2 ||     5
       Stone Arrow       |       |       |       |   135 |   261 ||   396
       Ensorcelled Hiber |       |       |       |     1 |       ||     1
       Starburst         |       |       |       |       |     5 ||     5
Evoke: Wand              |       |       |       |    24 |    13 ||    37
  Use: Potion            |       |     1 |     5 |    14 |     6 ||    26
       Scroll            |       |     3 |    13 |    22 |     9 ||    47
 Stab: Sleeping          |     1 |       |       |       |       ||     1
Armor: Robe              |    16 |     2 |    25 |    54 |       ||    97
       Troll leather arm |       |       |       |    71 |   131 ||   202
       Steam dragon scal |       |       |       |     7 |       ||     7
Dodge: Dodged            |    69 |     7 |   114 |   298 |   271 ||   759
Block: Other             |       |     2 |    43 |    60 |       ||   105
       Reflection        |       |       |     8 |     1 |       ||     9
